Oilers vs Flames

Created - November-11-14 at 17:03

Goals
1 2 3 T
Oilers 1 1 0 2
Flames 2 1 3 6
Shots
1 2 3 T
Oilers 4 8 7 19
Flames 10 4 10 24

1st period

1. Oilers , Justin Williams 6 (Dainius Zubrus, Marc Methot) at 9:05
2. Flames , Anze Kopitar 7 (Jeff Skinner, Jack Johnson) at 14:59
3. Flames , Erik Johnson 8 (Jeff Skinner, Anze Kopitar) at 19:12

Penalties :
Mats Zuccarello (EDM) for Hooking (Minor) at 1:27, Mikkel Boedker (EDM) for Hooking (Minor) at 4:43, Anze Kopitar (CGY) for Hooking (Minor) at 9:06, Mats Zuccarello (EDM) for High sticking (Minor) at 9:06, Ryan Kesler (CGY) for High sticking (Minor) at 10:13

2nd period

4. Oilers , Brooks Laich 5 (Jake Muzzin, Martin Marincin) at 8:29
5. Flames , Anze Kopitar 8 (Jared Spurgeon, Jeff Skinner) at 12:17 (PP)

Penalties :
Mats Zuccarello (EDM) for Slashing (Minor) at 0:57, Dainius Zubrus (EDM) for Interference (Minor) at 4:21, Erik Johnson (CGY) for Holding (Minor) at 8:34, Marc Methot (EDM) for Interference (Minor) at 11:51

3rd period

6. Flames , Jared Spurgeon 6 (Dustin Brown) at 0:10
7. Flames , Ryan Kesler 11 (Andrew MacDonald, Jack Johnson) at 4:46
8. Flames , Jared Spurgeon 7 (Erik Johnson, Michael Grabner) at 14:16 (PP)

Penalties :
Jack Johnson (CGY) for Tripping (Minor) at 9:55, Mikkel Boedker (EDM) for Hooking (Minor) at 13:30, Dustin Brown (CGY) for Hooking (Minor) at 19:01

Goalie Stats

Ben Scrivens (EDM), 11 saves from 15 shots - (0.733), L, 1-5-1, 40:10 minutes
Kari Lehtonen (EDM), 7 saves from 9 shots - (0.778), 19:50 minutes
Kevin Poulin (CGY), 17 saves from 19 shots - (0.895), W, 2-1-1, 60:00 minutes

Players Stats for Oilers

Player Name              G  A  P  +/- PIM S  H  SB GA TA FO     MP     PP MP  PK MP  
------------------------------------------------------------------------------------
Aleksander Barkov        0  0  0   0  0   2  0  0  0  0  9/16   15:16   0:00   1:25 
Brian Campbell           0  0  0  -1  0   1  0  2  0  0  0/0    18:29   2:28   0:00 
Brooks Laich             1  0  1   0  0   2  0  0  0  0  0/0    12:52   0:00   0:09 
Chad Ruhwedel            0  0  0  -1  0   0  1  0  0  0  0/0    17:31   0:00   4:58 
Charlie Coyle            0  0  0   0  0   1  2  0  0  0  6/13   16:39   3:35   0:00 
Dainius Zubrus           0  1  1   0  2   0  0  0  0  0  2/3    16:07   0:00   2:13 
Dennis Wideman           0  0  0   0  0   0  1  1  0  0  0/0    20:21   3:35   4:28 
Drew Miller              0  0  0   0  0   0  0  0  0  0  0/0     7:31   0:00   2:57 
Jake Muzzin              0  1  1   0  0   0  5  1  0  0  0/0    20:02   3:35   0:12 
Justin Williams          1  0  1   0  0   3  0  0  0  0  0/2    22:22   3:35   5:43 
Marc Methot              0  1  1  -1  2   0  3  0  0  0  0/0    22:26   2:28   3:58 
Martin Marincin          0  1  1   0  0   1  0  0  0  0  0/0     8:37   0:00   4:40 
Mats Zuccarello          0  0  0  -2  6   0  0  0  0  0  2/6    19:28   2:28   0:00 
Mikkel Boedker           0  0  0  -2  4   0  1  0  0  0  1/3    15:46   2:28   0:00 
Nikita Kucherov          0  0  0   0  0   1  0  0  0  0  0/0     8:09   3:35   0:00 
Nikolai Kulemin          0  0  0   0  0   3  0  0  0  0  0/0    12:43   0:00   0:00 
Olli Maatta              0  0  0  -1  0   0  0  0  0  0  0/0    12:33   0:00   0:00 
Travis Zajac             0  0  0  -2  0   5  0  0  0  0  20/29  21:54   2:28   5:49 

Players Stats for Flames

Player Name              G  A  P  +/- PIM S  H  SB GA TA FO     MP     PP MP  PK MP  
------------------------------------------------------------------------------------
Andrew MacDonald         0  1  1   1  0   0  0  1  0  0  0/0    21:49   4:31   3:05 
Anze Kopitar             2  1  3   2  2   6  1  0  0  0  13/25  20:49   4:48   0:00 
Barret Jackman           0  0  0   0  0   0  0  0  0  0  0/0     4:47   0:00   0:15 
Bryce Salvador           0  0  0  -1  0   1  0  0  0  0  0/0    12:17   0:00   2:31 
Drew Shore               0  0  0  -1  0   0  1  0  0  0  6/10   12:57   0:56   0:28 
Dustin Brown             0  1  1   1  2   1  5  1  0  0  0/0    23:24   3:24   2:45 
Erik Johnson             1  1  2   2  2   2  1  1  0  0  0/0    22:41   4:37   2:05 
Jack Johnson             0  2  2   1  2   2  3  0  0  0  0/0    20:13   4:31   2:04 
Jared Spurgeon           2  1  3   2  0   3  3  3  0  0  0/0    23:45   4:37   3:08 
Jeff Skinner             0  3  3   2  0   4  0  0  0  0  0/1    24:15   4:41   3:00 
Ladislav Smid            0  0  0  -1  0   0  1  0  0  0  0/0    14:26   0:00   0:42 
Linden Vey               0  0  0  -1  0   0  0  0  0  0  0/0    11:40   0:07   0:00 
Michael Bournival        0  0  0   0  0   0  0  0  0  0  0/0     0:00   0:00   0:00 
Michael Grabner          0  1  1   0  0   2  1  0  0  0  2/3    24:08   4:20   2:30 
Mike Cammalleri          0  0  0   2  0   1  1  1  0  0  0/0    20:04   4:48   0:00 
Philip Samuelsson        0  0  0   0  0   0  0  0  0  0  0/0     0:00   0:00   0:00 
Ryan Kesler              1  0  1   1  2   2  0  1  0  0  10/31  22:42   4:20   2:54 
Stephane Da Costa        0  0  0   0  0   0  1  0  0  0  1/2    11:04   0:00   1:21 

3 Stars

1 - Jared Spurgeon (CGY)
2 - Anze Kopitar (CGY)
3 - Jeff Skinner (CGY)

Power Play

Oilers - 0 on 4 Attempt(s) - 0.00%
Flames - 2 on 6 Attempt(s) - 33.33%

Penalty Kill

Oilers - 4 on 6 Attempt(s) - 66.67% - Score 0 goal in Penalty Kill
Flames - 4 on 4 Attempt(s) - 100.00% - Score 0 goal in Penalty Kill

Official

Referees : Rob Martell and Brad Watson
Linesman : Ryan Galloway and Darren Gibbs

Game Notes

Kari Lehtonen enters game at 0:10 of 3rd period

Finance

Level 1 -- Attendance: 4960 (76.31%) -- Ticket Income $545,600
Level 2 -- Attendance: 5000 (100.00%) -- Ticket Income $375,000
Level 3 -- Attendance: 2584 (73.83%) -- Ticket Income $155,040
Level 4 -- Attendance: 2436 (74.07%) -- Ticket Income $97,440
Luxury Box -- Attendance: 1000 (100.00%) -- Ticket Income $200,000
Game was played at the Scotiabank Saddledome
Total Attendance: 15980 (82.85%)
Total Ticket Income: $1,373,080
Other Income: $205,962
Total Income: $1,579,042

% Time on Ice - Oilers

Lines # - Real PCT - Wanted PCT - Time Play
Normal Forward
1 - 29% - 40% - 12:29
2 - 31% - 30% - 13:04
3 - 30% - 20% - 12:43
4 - 11% - 10% - 4:34
Normal Defense
1 - 35% - 35% - 15:10
2 - 26% - 30% - 11:10
3 - 29% - 20% - 12:33
4 - 9% - 15% - 3:57
PP Forward
1 - 41% - 50% - 2:28
2 - 59% - 50% - 3:35
PP Defense
1 - 41% - 50% - 2:28
2 - 59% - 50% - 3:35
PK Forward
1 - 68% - 60% - 6:11
2 - 32% - 40% - 2:57
PK Defense
1 - 51% - 50% - 4:40
2 - 49% - 50% - 4:28
PK3 Forward
1 - 0% - 60%
2 - 0% - 40%
PK3 Defense
1 - 0% - 60%
2 - 0% - 40%
44 Forward
1 - 57% - 60% - 1:08
2 - 43% - 40% - 0:51
44 Defense
1 - 43% - 60% - 0:51
2 - 57% - 40% - 1:08
Last Minute Offensive  - 0:00
Last Minute Defensive  - 0:00
Total
Forward - 60:00
Defense - 60:00

% Time on Ice - Flames

Lines # - Real PCT - Wanted PCT - Time Play
Normal Forward
1 - 36% - 40% - 15:16
2 - 15% - 30% - 6:18
3 - 27% - 20% - 11:33
4 - 23% - 10% - 9:43
Normal Defense
1 - 35% - 40% - 15:07
2 - 31% - 30% - 13:25
3 - 23% - 20% - 9:46
4 - 11% - 10% - 4:32
PP Forward
1 - 53% - 50% - 4:48
2 - 47% - 50% - 4:20
PP Defense
1 - 51% - 50% - 4:37
2 - 49% - 50% - 4:31
PK Forward
1 - 41% - 50% - 2:30
2 - 59% - 50% - 3:33
PK Defense
1 - 49% - 50% - 2:58
2 - 51% - 50% - 3:05
PK3 Forward
1 - 0% - 50% - 0:00
2 - 100% - 50% - 0:52
PK3 Defense
1 - 19% - 50% - 0:10
2 - 81% - 50% - 0:42
44 Forward
1 - 79% - 50% - 0:53
2 - 21% - 50% - 0:14
44 Defense
1 - 79% - 50% - 0:53
2 - 21% - 50% - 0:14
Last Minute Offensive  - 0:00
Last Minute Defensive  - 0:00
Total
Forward - 60:00
Defense - 60:00

Play by Play

1st period


0:01 of 1st period - Anze Kopitar wins face-off versus Travis Zajac in neutral zone.
0:14 of 1st period - Shot by Jared Spurgeon.
0:14 of 1st period - Shot Hit the Post.
0:16 of 1st period - Shot by Jeff Skinner.
0:16 of 1st period - Stopped by Ben Scrivens without a rebound.
0:17 of 1st period - Ryan Kesler wins face-off versus Charlie Coyle in Oilers zone.
0:59 of 1st period - Dainius Zubrus is hit by Dustin Brown and loses puck.
1:07 of 1st period - Icing by Justin Williams.
1:08 of 1st period - Anze Kopitar wins face-off versus Charlie Coyle in Oilers zone.
1:27 of 1st period - Minor Penalty to Mats Zuccarello for Hooking.
1:28 of 1st period - Anze Kopitar wins face-off versus Travis Zajac in Oilers zone.
2:08 of 1st period - Shot by Anze Kopitar.
2:08 of 1st period - Stopped by Ben Scrivens without a rebound.
2:09 of 1st period - Travis Zajac wins face-off versus Ryan Kesler in Oilers zone.
2:24 of 1st period - Shot by Ryan Kesler.
2:24 of 1st period - Stopped by Ben Scrivens without a rebound.
2:25 of 1st period - Travis Zajac wins face-off versus Ryan Kesler in Oilers zone.
3:06 of 1st period - Dainius Zubrus is hit by Jack Johnson and loses puck.
3:09 of 1st period - Shot by Drew Miller.
3:09 of 1st period - Shot Misses the Net.
4:43 of 1st period - Minor Penalty to Mikkel Boedker for Hooking.
4:44 of 1st period - Travis Zajac wins face-off versus Anze Kopitar in Oilers zone.
5:08 of 1st period - Shot by Andrew MacDonald.
5:08 of 1st period - Shot Misses the Net.
5:10 of 1st period - Shot by Jack Johnson.
5:10 of 1st period - Shot Misses the Net.
5:12 of 1st period - Shot by Jeff Skinner.
5:12 of 1st period - Shot Misses the Net.
5:50 of 1st period - Icing by Michael Grabner.
5:51 of 1st period - Dainius Zubrus wins face-off versus Ryan Kesler in Flames zone.
6:12 of 1st period - Shot by Jack Johnson.
6:12 of 1st period - Stopped by Ben Scrivens without a rebound.
6:13 of 1st period - Dainius Zubrus wins face-off versus Anze Kopitar in Oilers zone.
6:28 of 1st period - Shot by Anze Kopitar.
6:28 of 1st period - Stopped by Ben Scrivens without a rebound.
6:29 of 1st period - Travis Zajac wins face-off versus Ryan Kesler in Oilers zone.
7:05 of 1st period - Linden Vey is hit by Jake Muzzin and loses puck.
7:08 of 1st period - Shot by Linden Vey.
7:08 of 1st period - Deflect By Michael Grabner.
7:08 of 1st period - Stopped by Ben Scrivens without a rebound.
7:09 of 1st period - Mats Zuccarello wins face-off versus Anze Kopitar in Oilers zone.
7:28 of 1st period - Shot by Nikita Kucherov.
7:28 of 1st period - Stopped by Kevin Poulin with a rebound.
7:34 of 1st period - Shot by Nikita Kucherov.
7:34 of 1st period - Shot Blocked by Mike Cammalleri.
8:09 of 1st period - Off-side.
8:10 of 1st period - Ryan Kesler wins face-off versus Charlie Coyle in neutral zone.
8:30 of 1st period - Icing by Dainius Zubrus.
8:31 of 1st period - Drew Shore wins face-off versus Charlie Coyle in Oilers zone.
8:38 of 1st period - Shot by Michael Grabner.
8:38 of 1st period - Stopped by Ben Scrivens with a rebound.
9:02 of 1st period - Dainius Zubrus is hit by Jack Johnson and loses puck.
9:05 of 1st period - Shot by Justin Williams.
9:05 of 1st period - Goal by Justin Williams - Oilers : 1 - Flames : 0.
9:06 of 1st period - Anze Kopitar wins face-off versus Travis Zajac in neutral zone.
9:06 of 1st period - Minor Penalty to Anze Kopitar for Hooking.
9:06 of 1st period - Minor Penalty to Mats Zuccarello for High sticking.
9:07 of 1st period - Aleksander Barkov wins face-off versus Jeff Skinner in neutral zone.
9:10 of 1st period - Shot by Travis Zajac.
9:10 of 1st period - Shot Blocked by Jared Spurgeon.
9:35 of 1st period - Shot by Travis Zajac.
9:35 of 1st period - Shot Misses the Net.
10:13 of 1st period - Minor Penalty to Ryan Kesler for High sticking.
10:14 of 1st period - Stephane Da Costa wins face-off versus Mikkel Boedker in Flames zone.
11:29 of 1st period - Shot by Jake Muzzin.
11:29 of 1st period - Shot Misses the Net.
11:31 of 1st period - Shot by Charlie Coyle.
11:31 of 1st period - Stopped by Kevin Poulin without a rebound.
11:32 of 1st period - Michael Grabner wins face-off versus Travis Zajac in Flames zone.
12:45 of 1st period - Shot by Mike Cammalleri.
12:45 of 1st period - Shot Misses the Net.
12:48 of 1st period - Icing by Chad Ruhwedel.
12:49 of 1st period - Aleksander Barkov wins face-off versus Ryan Kesler in Oilers zone.
13:34 of 1st period - Shot by Dainius Zubrus.
13:34 of 1st period - Shot Misses the Net.
13:36 of 1st period - Shot by Charlie Coyle.
13:36 of 1st period - Shot Misses the Net.
13:38 of 1st period - Shot by Dainius Zubrus.
13:38 of 1st period - Shot Blocked by Jared Spurgeon.
13:57 of 1st period - Shot by Charlie Coyle.
13:57 of 1st period - Shot Misses the Net.
14:16 of 1st period - Jeff Skinner is hit by Dennis Wideman and loses puck.
14:31 of 1st period - Icing by Jack Johnson.
14:32 of 1st period - Travis Zajac wins face-off versus Anze Kopitar in Flames zone.
14:35 of 1st period - Shot by Mats Zuccarello.
14:35 of 1st period - Shot Misses the Net.
14:59 of 1st period - Shot by Anze Kopitar.
14:59 of 1st period - Goal by Anze Kopitar - Oilers : 1 - Flames : 1.
15:00 of 1st period - Drew Shore wins face-off versus Aleksander Barkov in neutral zone.
15:56 of 1st period - Icing by Olli Maatta.
15:57 of 1st period - Aleksander Barkov wins face-off versus Ryan Kesler in Oilers zone.
15:57 of 1st period - Aleksander Barkov is hit by Stephane Da Costa.
16:17 of 1st period - Brian Campbell is hit by Dustin Brown and loses puck.
17:36 of 1st period - Shot by Jeff Skinner.
17:36 of 1st period - Shot Misses the Net.
18:00 of 1st period - Ladislav Smid is hit by Jake Muzzin and loses puck.
18:04 of 1st period - Icing by Martin Marincin.
18:05 of 1st period - Michael Grabner wins face-off versus Charlie Coyle in Oilers zone.
18:05 of 1st period - Michael Grabner is hit by Jake Muzzin.
18:07 of 1st period - Shot by Bryce Salvador.
18:07 of 1st period - Stopped by Ben Scrivens without a rebound.
18:08 of 1st period - Drew Shore wins face-off versus Aleksander Barkov in Oilers zone.
18:52 of 1st period - Icing by Olli Maatta.
18:53 of 1st period - Anze Kopitar wins face-off versus Aleksander Barkov in Oilers zone.
19:00 of 1st period - Shot by Anze Kopitar.
19:00 of 1st period - Shot Misses the Net.
19:10 of 1st period - Shot by Jeff Skinner.
19:10 of 1st period - Shot Misses the Net.
19:12 of 1st period - Shot by Erik Johnson.
19:12 of 1st period - Goal by Erik Johnson - Oilers : 1 - Flames : 2.
19:13 of 1st period - Travis Zajac wins face-off versus Ryan Kesler in neutral zone.
19:18 of 1st period - Shot by Mikkel Boedker.
19:18 of 1st period - Deflect By Travis Zajac.
19:18 of 1st period - Stopped by Kevin Poulin without a rebound.
19:19 of 1st period - Anze Kopitar wins face-off versus Travis Zajac in Flames zone.
19:25 of 1st period - Off-side.
19:26 of 1st period - Travis Zajac wins face-off versus Anze Kopitar in neutral zone.
19:30 of 1st period - Off-side.
19:31 of 1st period - Travis Zajac wins face-off versus Ryan Kesler in neutral zone.
19:36 of 1st period - Shot by Mats Zuccarello.
19:36 of 1st period - Shot Blocked by Erik Johnson.
Goals for this period are 1 for Oilers vs 2 for Flames.
Shots for this period are 4 for Oilers vs 10 for Flames.

2nd period


0:01 of 2nd period - Ryan Kesler wins face-off versus Mats Zuccarello in neutral zone.
0:06 of 2nd period - Icing by Mikkel Boedker.
0:07 of 2nd period - Travis Zajac wins face-off versus Ryan Kesler in Oilers zone.
0:07 of 2nd period - Travis Zajac is hit by Dustin Brown.
0:15 of 2nd period - Shot by Mikkel Boedker.
0:15 of 2nd period - Deflect By Travis Zajac.
0:15 of 2nd period - Stopped by Kevin Poulin without a rebound.
0:16 of 2nd period - Travis Zajac wins face-off versus Ryan Kesler in Flames zone.
0:56 of 2nd period - Ryan Kesler is hit by Mikkel Boedker and loses puck.
0:57 of 2nd period - Minor Penalty to Mats Zuccarello for Slashing.
0:58 of 2nd period - Anze Kopitar wins face-off versus Travis Zajac in Oilers zone.
1:22 of 2nd period - Shot by Jared Spurgeon.
1:22 of 2nd period - Stopped by Ben Scrivens with a rebound.
1:24 of 2nd period - Shot by Jeff Skinner.
1:24 of 2nd period - Shot Misses the Net.
3:21 of 2nd period - Shot by Nikolai Kulemin.
3:21 of 2nd period - Deflect By Brooks Laich.
3:21 of 2nd period - Stopped by Kevin Poulin without a rebound.
3:22 of 2nd period - Ryan Kesler wins face-off versus Mats Zuccarello in Flames zone.
4:21 of 2nd period - Minor Penalty to Dainius Zubrus for Interference.
4:22 of 2nd period - Anze Kopitar wins face-off versus Travis Zajac in Oilers zone.
4:31 of 2nd period - Shot by Jeff Skinner.
4:31 of 2nd period - Shot Misses the Net.
4:54 of 2nd period - Shot by Travis Zajac.
4:54 of 2nd period - Stopped by Kevin Poulin without a rebound.
4:55 of 2nd period - Travis Zajac wins face-off versus Anze Kopitar in Flames zone.
6:33 of 2nd period - Shot by Mats Zuccarello.
6:33 of 2nd period - Shot Blocked by Dustin Brown.
6:36 of 2nd period - Icing by Ladislav Smid.
6:37 of 2nd period - Aleksander Barkov wins face-off versus Anze Kopitar in Flames zone.
6:39 of 2nd period - Nikolai Kulemin is hit by Ladislav Smid and loses puck.
7:55 of 2nd period - Off-side.
7:56 of 2nd period - Mikkel Boedker wins face-off versus Anze Kopitar in neutral zone.
8:19 of 2nd period - Off-side.
8:20 of 2nd period - Aleksander Barkov wins face-off versus Ryan Kesler in neutral zone.
8:29 of 2nd period - Shot by Brooks Laich.
8:29 of 2nd period - Goal by Brooks Laich - Oilers : 2 - Flames : 2.
8:30 of 2nd period - Travis Zajac wins face-off versus Ryan Kesler in neutral zone.
8:34 of 2nd period - Minor Penalty to Erik Johnson for Holding.
8:35 of 2nd period - Charlie Coyle wins face-off versus Ryan Kesler in Flames zone.
8:35 of 2nd period - Charlie Coyle is hit by Jared Spurgeon.
8:47 of 2nd period - Jack Johnson is hit by Charlie Coyle and loses puck.
9:02 of 2nd period - Shot by Jake Muzzin.
9:02 of 2nd period - Shot Misses the Net.
9:04 of 2nd period - Shot by Nikita Kucherov.
9:04 of 2nd period - Shot Misses the Net.
9:06 of 2nd period - Shot by Nikita Kucherov.
9:06 of 2nd period - Shot Misses the Net.
9:28 of 2nd period - Jeff Skinner is hit by Marc Methot and loses puck.
9:41 of 2nd period - Shot by Marc Methot.
9:41 of 2nd period - Shot Misses the Net.
10:09 of 2nd period - Shot by Travis Zajac.
10:09 of 2nd period - Stopped by Kevin Poulin with a rebound.
10:11 of 2nd period - Shot by Brian Campbell.
10:11 of 2nd period - Shot Misses the Net.
10:36 of 2nd period - Nikolai Kulemin is hit by Anze Kopitar and loses puck.
10:41 of 2nd period - Shot by Anze Kopitar.
10:41 of 2nd period - Deflect By Mike Cammalleri.
10:41 of 2nd period - Stopped by Ben Scrivens without a rebound.
10:42 of 2nd period - Aleksander Barkov wins face-off versus Drew Shore in Oilers zone.
11:24 of 2nd period - Shot by Aleksander Barkov.
11:24 of 2nd period - Stopped by Kevin Poulin without a rebound.
11:25 of 2nd period - Travis Zajac wins face-off versus Ryan Kesler in Flames zone.
11:46 of 2nd period - Shot by Ryan Kesler.
11:46 of 2nd period - Shot Misses the Net.
11:51 of 2nd period - Minor Penalty to Marc Methot for Interference.
11:52 of 2nd period - Travis Zajac wins face-off versus Anze Kopitar in Oilers zone.
12:15 of 2nd period - Shot by Jared Spurgeon.
12:15 of 2nd period - Shot Misses the Net.
12:17 of 2nd period - Shot by Anze Kopitar.
12:17 of 2nd period - Goal by Anze Kopitar - Oilers : 2 - Flames : 3.
12:18 of 2nd period - Ryan Kesler wins face-off versus Mats Zuccarello in neutral zone.
12:24 of 2nd period - Dustin Brown is hit by Jake Muzzin and loses puck.
13:24 of 2nd period - Shot by Justin Williams.
13:24 of 2nd period - Shot Blocked by Andrew MacDonald.
13:26 of 2nd period - Shot by Dainius Zubrus.
13:26 of 2nd period - Shot Blocked by Ryan Kesler.
14:04 of 2nd period - Icing by Aleksander Barkov.
14:05 of 2nd period - Anze Kopitar wins face-off versus Aleksander Barkov in Oilers zone.
14:28 of 2nd period - Shot by Anze Kopitar.
14:28 of 2nd period - Shot Misses the Net.
14:47 of 2nd period - Nikolai Kulemin is hit by Erik Johnson and loses puck.
15:43 of 2nd period - Shot by Michael Grabner.
15:43 of 2nd period - Shot Misses the Net.
16:39 of 2nd period - Shot by Justin Williams.
16:39 of 2nd period - Stopped by Kevin Poulin without a rebound.
16:40 of 2nd period - Drew Shore wins face-off versus Aleksander Barkov in Flames zone.
17:45 of 2nd period - Shot by Dainius Zubrus.
17:45 of 2nd period - Shot Misses the Net.
18:23 of 2nd period - Shot by Martin Marincin.
18:23 of 2nd period - Stopped by Kevin Poulin with a rebound.
19:14 of 2nd period - Jack Johnson is hit by Chad Ruhwedel and loses puck.
19:45 of 2nd period - Shot by Jeff Skinner.
19:45 of 2nd period - Stopped by Ben Scrivens without a rebound.
19:46 of 2nd period - Anze Kopitar wins face-off versus Justin Williams in Oilers zone.
19:55 of 2nd period - Shot by Anze Kopitar.
19:55 of 2nd period - Shot Blocked by Brian Campbell.
Goals for this period are 1 for Oilers vs 1 for Flames.
Shots for this period are 8 for Oilers vs 4 for Flames.

3rd period


0:01 of 3rd period - Travis Zajac wins face-off versus Ryan Kesler in neutral zone.
0:03 of 3rd period - Marc Methot is hit by Jared Spurgeon and loses puck.
0:10 of 3rd period - Shot by Jared Spurgeon.
0:10 of 3rd period - Goal by Jared Spurgeon - Oilers : 2 - Flames : 4.
0:10 of 3rd period - Kari Lehtonen enters game.
0:11 of 3rd period - Anze Kopitar wins face-off versus Justin Williams in neutral zone.
0:47 of 3rd period - Icing by Jake Muzzin.
0:48 of 3rd period - Ryan Kesler wins face-off versus Charlie Coyle in Oilers zone.
1:31 of 3rd period - Shot by Dustin Brown.
1:31 of 3rd period - Shot Misses the Net.
1:44 of 3rd period - Jake Muzzin is hit by Mike Cammalleri and loses puck.
2:01 of 3rd period - Shot by Anze Kopitar.
2:01 of 3rd period - Shot Blocked by Dennis Wideman.
2:03 of 3rd period - Shot by Erik Johnson.
2:03 of 3rd period - Stopped by Kari Lehtonen without a rebound.
2:04 of 3rd period - Drew Shore wins face-off versus Travis Zajac in Oilers zone.
2:04 of 3rd period - Ladislav Smid is hit by Marc Methot and loses puck.
2:33 of 3rd period - Shot by Mats Zuccarello.
2:33 of 3rd period - Shot Misses the Net.
2:36 of 3rd period - Icing by Linden Vey.
2:37 of 3rd period - Drew Shore wins face-off versus Aleksander Barkov in Flames zone.
2:47 of 3rd period - Icing by Brooks Laich.
2:48 of 3rd period - Anze Kopitar wins face-off versus Aleksander Barkov in Oilers zone.
3:03 of 3rd period - Shot by Nikolai Kulemin.
3:03 of 3rd period - Shot Misses the Net.
3:05 of 3rd period - Shot by Chad Ruhwedel.
3:05 of 3rd period - Shot Hit the Post.
4:11 of 3rd period - Shot by Brian Campbell.
4:11 of 3rd period - Stopped by Kevin Poulin without a rebound.
4:12 of 3rd period - Charlie Coyle wins face-off versus Stephane Da Costa in Flames zone.
4:46 of 3rd period - Shot by Ryan Kesler.
4:46 of 3rd period - Goal by Ryan Kesler - Oilers : 2 - Flames : 5.
4:47 of 3rd period - Travis Zajac wins face-off versus Drew Shore in neutral zone.
4:47 of 3rd period - Travis Zajac is hit by Drew Shore.
5:22 of 3rd period - Shot by Ladislav Smid.
5:22 of 3rd period - Shot Blocked by Brian Campbell.
5:55 of 3rd period - Jack Johnson is hit by Charlie Coyle and loses puck.
6:58 of 3rd period - Shot by Aleksander Barkov.
6:58 of 3rd period - Stopped by Kevin Poulin without a rebound.
6:59 of 3rd period - Aleksander Barkov wins face-off versus Anze Kopitar in Flames zone.
7:12 of 3rd period - Shot by Aleksander Barkov.
7:12 of 3rd period - Shot Blocked by Jared Spurgeon.
7:14 of 3rd period - Shot by Chad Ruhwedel.
7:14 of 3rd period - Shot Misses the Net.
7:16 of 3rd period - Shot by Brooks Laich.
7:16 of 3rd period - Shot Misses the Net.
7:30 of 3rd period - Shot by Aleksander Barkov.
7:30 of 3rd period - Deflect By Nikolai Kulemin.
7:30 of 3rd period - Stopped by Kevin Poulin without a rebound.
7:31 of 3rd period - Travis Zajac wins face-off versus Drew Shore in Flames zone.
7:47 of 3rd period - Michael Grabner is hit by Marc Methot and loses puck.
8:10 of 3rd period - Brian Campbell is hit by Michael Grabner and loses puck.
8:34 of 3rd period - Anze Kopitar is hit by Jake Muzzin and loses puck.
8:58 of 3rd period - Justin Williams is hit by Jared Spurgeon and loses puck.
9:18 of 3rd period - Icing by Jared Spurgeon.
9:19 of 3rd period - Aleksander Barkov wins face-off versus Anze Kopitar in Flames zone.
9:28 of 3rd period - Shot by Aleksander Barkov.
9:28 of 3rd period - Deflect By Brooks Laich.
9:28 of 3rd period - Shot Misses the Net.
9:30 of 3rd period - Shot by Nikolai Kulemin.
9:30 of 3rd period - Stopped by Kevin Poulin with a rebound.
9:32 of 3rd period - Shot by Nikolai Kulemin.
9:32 of 3rd period - Stopped by Kevin Poulin without a rebound.
9:33 of 3rd period - Mats Zuccarello wins face-off versus Ryan Kesler in Flames zone.
9:35 of 3rd period - Drew Miller is hit by Jack Johnson and loses puck.
9:55 of 3rd period - Minor Penalty to Jack Johnson for Tripping.
9:56 of 3rd period - Charlie Coyle wins face-off versus Ryan Kesler in Flames zone.
10:30 of 3rd period - Shot by Justin Williams.
10:30 of 3rd period - Stopped by Kevin Poulin without a rebound.
10:31 of 3rd period - Ryan Kesler wins face-off versus Mikkel Boedker in Flames zone.
11:06 of 3rd period - Icing by Brian Campbell.
11:07 of 3rd period - Ryan Kesler wins face-off versus Travis Zajac in Oilers zone.
11:14 of 3rd period - Shot by Ryan Kesler.
11:14 of 3rd period - Shot Misses the Net.
11:16 of 3rd period - Shot by Dustin Brown.
11:16 of 3rd period - Stopped by Kari Lehtonen without a rebound.
11:17 of 3rd period - Charlie Coyle wins face-off versus Michael Grabner in Oilers zone.
11:26 of 3rd period - Shot by Charlie Coyle.
11:26 of 3rd period - Shot Misses the Net.
13:21 of 3rd period - Icing by Marc Methot.
13:22 of 3rd period - Travis Zajac wins face-off versus Ryan Kesler in Oilers zone.
13:22 of 3rd period - Travis Zajac is hit by Dustin Brown.
13:30 of 3rd period - Minor Penalty to Mikkel Boedker for Hooking.
13:31 of 3rd period - Travis Zajac wins face-off versus Anze Kopitar in Oilers zone.
13:49 of 3rd period - Shot by Andrew MacDonald.
13:49 of 3rd period - Deflect By Jeff Skinner.
13:49 of 3rd period - Stopped by Kari Lehtonen with a rebound.
13:51 of 3rd period - Shot by Jack Johnson.
13:51 of 3rd period - Shot Misses the Net.
13:53 of 3rd period - Shot by Jack Johnson.
13:53 of 3rd period - Stopped by Kari Lehtonen without a rebound.
13:54 of 3rd period - Travis Zajac wins face-off versus Ryan Kesler in Oilers zone.
14:16 of 3rd period - Shot by Jared Spurgeon.
14:16 of 3rd period - Goal by Jared Spurgeon - Oilers : 2 - Flames : 6.
14:17 of 3rd period - Anze Kopitar wins face-off versus Mats Zuccarello in neutral zone.
14:31 of 3rd period - Shot by Anze Kopitar.
14:31 of 3rd period - Shot Blocked by Jake Muzzin.
14:33 of 3rd period - Shot by Anze Kopitar.
14:33 of 3rd period - Stopped by Kari Lehtonen with a rebound.
14:39 of 3rd period - Shot by Anze Kopitar.
14:39 of 3rd period - Stopped by Kari Lehtonen with a rebound.
15:08 of 3rd period - Off-side.
15:09 of 3rd period - Charlie Coyle wins face-off versus Ryan Kesler in neutral zone.
15:17 of 3rd period - Icing by Jared Spurgeon.
15:18 of 3rd period - Charlie Coyle wins face-off versus Ryan Kesler in Flames zone.
16:45 of 3rd period - Shot by Travis Zajac.
16:45 of 3rd period - Stopped by Kevin Poulin without a rebound.
16:46 of 3rd period - Aleksander Barkov wins face-off versus Drew Shore in Flames zone.
18:26 of 3rd period - Shot by Mike Cammalleri.
18:26 of 3rd period - Shot Hit the Post.
18:28 of 3rd period - Shot by Jeff Skinner.
18:28 of 3rd period - Stopped by Kari Lehtonen without a rebound.
18:29 of 3rd period - Ryan Kesler wins face-off versus Dainius Zubrus in Oilers zone.
18:56 of 3rd period - Charlie Coyle is hit by Dustin Brown.
19:01 of 3rd period - Minor Penalty to Dustin Brown for Hooking.
19:02 of 3rd period - Ryan Kesler wins face-off versus Charlie Coyle in Flames zone.
Goals for this period are 0 for Oilers vs 3 for Flames.
Shots for this period are 7 for Oilers vs 10 for Flames.


Output by the SimonT Hockey Simulator (STHS) for Stephane Roy -- Original Page W3C XHTML 1.0 Valid
Hockey Simulator - Hockey Simulation - Hockey Manager